 Dungeon Crawl Stone Soup version 0.18-a0-1788-g92de1ac (webtiles) character file.

93 Laan the Conjurer (level 4, 0/30 HPs)
             Began as a Mummy Wizard on Apr 20, 2016.
             Slain by an orc
             ... wielding a +0 flail
              (3 damage)
             ... on level 2 of the Dungeon.
             The game lasted 02:42:39 (2759 turns).

Laan the Conjurer (Mummy Wizard)                    Turns: 2759, Time: 02:42:39

Health: 0/30       AC:  3    Str: 10    XL:     4   Next: 36%
Magic:  8/8        EV: 11    Int: 24    God:
Gold:   70         SH:  0    Dex: 10    Spells: 1 memorised, 8 levels left

rFire  x . .     SeeInvis .     h - +0 dagger (venom)
rCold  + . .     Gourm    .     a - +0 robe
rNeg   + + +     Faith    .     (no shield)
rPois  ∞         Spirit   .     b - +0 hat
rElec  .         Dismiss  .     (no cloak)
rCorr  .         Reflect  .     j - +0 pair of gloves (curse)
SustAt +         Harm     .     (no boots)
MR     .....                    (no amulet)
Stlth  +.........               n - ring of sustain attributes
                                l - +6 ring of intelligence (curse)

@: slowed, drained, very slow, not resistant to hostile enchantments, very
unstealthy
A: no food or potions, fire vulnerability, cold resistance 1, negative energy
resistance 3, torment resistance, unbreathing
a: no special abilities


You were on level 2 of the Dungeon.
You were not hungry.

You visited 1 branch of the dungeon, and saw 3 of its levels.

You collected 70 gold pieces.

Inventory:

Hand Weapons
 g - a +0 whip
 h - a +0 dagger of venom (weapon)
Armour
 a - a +0 robe (worn)
 b - a +0 hat (worn)
 j - a cursed +0 pair of gloves (worn)
Jewellery
 l - a cursed +6 ring of intelligence (left hand)
 n - a ring of sustain attributes (right hand)
Scrolls
 d - a scroll of random uselessness {unknown}
 e - 4 scrolls of teleportation {unknown}
 f - 3 scrolls of fear {unknown}
 i - 2 scrolls of enchant armour {unknown}
 k - a scroll of recharging {unknown}
 m - a scroll of identify {unknown}
Books
 c - a book of Minor Magic

   Spells                             Type                      Level
   a - Magic Dart                     Conjuration                  1
   b - Blink                          Translocation                2
   c - Call Imp                       Summoning                    2
   d - Repel Missiles                 Charms/Air                   2
   e - Slow                           Hexes                        2
   f - Conjure Flame                  Conjuration/Fire             3
   g - Mephitic Cloud                 Conjuration/Poison/Air       3


   Skills:
 - Level 1.5(1.2) Dodging
 - Level 1.5(1.2) Stealth
 - Level 3.0(2.7) Spellcasting
 + Level 3.5(3.2) Conjurations
   Level 0.7(0.4) Summonings
   Level 0.7(0.4) Translocations


You had 8 spell levels left.
You knew the following spells:

 Your Spells              Type           Power        Failure   Level  Hunger
a - Magic Dart            Conj           ###.         3%          1    N/A

Dungeon Overview and Level Annotations

Branches:
Dungeon (3/15)

Altars:
Pakellas

Annotations:
D:3 Robin


Innate Abilities, Weirdness & Mutations

You do not eat or drink.
Your flesh is vulnerable to fire.
You are immune to poison.
Your flesh is cold resistant.
You are immune to negative energy.
You are immune to unholy pain and torment.
You can survive without breathing.


Message History

You feel yourself slow down. The orc wizard hits you with a dagger.
The orc hits you with a flail. The orc wizard hits you with a dagger.
* * * LOW HITPOINT WARNING * * *
You climb upwards.
There is a stone staircase leading down here.
You hit the orc wizard.
The orc wizard is severely wounded.
The orc closely misses you.
The orc wizard points at you and mumbles some strange words.
You feel as though you will be slow longer.
You closely miss the orc wizard.
The orc wizard is severely wounded.
The orc closely misses you. The orc wizard completely misses you.
The orc wizard closely misses you. The orc hits you with a flail.
* * * LOW HITPOINT WARNING * * *
You closely miss the orc wizard.
The orc wizard is severely wounded.
The orc wizard closely misses you. The orc hits you with a flail.
You die...

..............##
.............####
................##
............###..##
............# ##..####
...........## ##....##
....#.....## ##.....##
######...## #.o.....#
..#......#######@o.....#
....###...%...##.......#
.........########.....##
.######..# #.......#
.....##..# #.......#
..##.....# #.......#
...†###..### ###.....##
..#.# #....# #......##
#...# #..#.####.######


You could see an orc wizard and an orc.

Vanquished Creatures
  An orc priest (D:3)
  An adder (D:1)
  A worm (D:3)
  A dart slug (D:2)
  A giant gecko (D:1)
  A giant cockroach (D:2)
  8 goblins
  8 hobgoblins
  7 jackals
  2 quokkas (D:2)
  3 bats
  2 giant newts
  9 kobolds
  A rat (D:2)
46 creatures vanquished.

Notes
Turn   | Place    | Note
--------------------------------------------------------------
     0 | D:1      | Laan the Mummy Wizard began the quest for the Orb.
     0 | D:1      | Reached XP level 1. HP: 13/13 MP: 4/4
    22 | D:1      | Found an oddly glowing altar of Pakellas.
    39 | D:1      | Reached skill level 1 in Conjurations
   713 | D:1      | Reached XP level 2. HP: 19/19 MP: 0/6
  1414 | D:2      | Reached XP level 3. HP: 24/24 MP: 3/7
  1579 | D:2      | HP: 1/24 [jackal (2)]
  2471 | D:3      | Noticed Robin
  2698 | D:3      | Reached XP level 4. HP: 30/30 MP: 2/8
  2759 | D:2      | Slain by an orc

Vault maps used:
D:1:      dpeg_arrival_orchard, minmay_misc_feat_secret_circle,
          kennysheep_flooded_box, grunt_decor_resistance
D:3:      grunt_pakellas_salt, uniq_robin, uniq_natasha

Skill      XL: |  1  2  3 |
---------------+----------+-----
Conjurations   | 1 2 3 |  3.5
Dodging        | |  1.5
Stealth        | |  1.5
Spellcasting   | |  3.0
Summonings     | |  0.7
Translocations | |  0.7

Action                   |  1- 3 |  4- 6 || total
-------------------------+-------+-------++-------
Melee: Dagger            |    69 |     9 ||    78
       Whip              |     3 |       ||     3
 Cast: Magic Dart        |    79 |       ||    79
Armor: Robe              |    19 |       ||    19
Dodge: Dodged            |    70 |     9 ||    79
